Map: Oxide LE

Players

Neeb - Winner!

  • Race: Protoss Protoss

JonSnow

  • Race: Zerg Zerg

Event: DreamHack SC2 Masters 2021 Fall

VOD

Have the link to the VOD?

Description

Time

  • Played on: Aug. 5, 2021, 5:02 p.m.
  • Length: 10:23

All games in this series

Show
View Real Time Build Order
Export as new Build Order

Neeb Protoss - Winner!

Build Orders: 1 Gate Expand, Oracle Opening 

Get SALT Encoding   

  12  0:00  Probe  
  13  0:12  Probe  
  14  0:19  Pylon  
  14  0:24  Probe  
  15  0:37  Probe (Chrono Boost)  
  15  0:40  Gateway  
  16  0:46  Probe (Chrono Boost)  
  16  0:49  Assimilator  
  17  0:51  Probe (Chrono Boost)  
  18  1:03  Probe  
  19  1:15  Probe  
  20  1:25  Nexus  
  20  1:35  Cybernetics Core  
  20  1:38  Probe  
  21  1:45  Assimilator  
  21  1:50  Probe  
  21  1:53  Pylon  
  22  2:02  Probe (Chrono Boost)  
  23  2:11  Adept  
  23  2:13  Probe (Chrono Boost)  
  26  2:18  Probe (Chrono Boost)  
  26  2:22  Stargate  
  27  2:29  Probe (Chrono Boost)  
  28  2:31  Warp Gate  
  29  2:38  Probe (Chrono Boost)  
  29  2:39  Probe (Chrono Boost)  
  29  2:41  Adept  
  32  2:46  Probe (Chrono Boost)  
  32  2:47  Probe (Chrono Boost)  
  34  2:51  Probe (Chrono Boost)  
  34  2:55  Probe  
  34  2:58  Gateway  
  36  3:01  Void Ray (Chrono Boost)  
  36  3:03  Probe  
  37  3:07  Probe  
  42  3:15  Pylon  
  42  3:16  Probe  
  43  3:21  Adept  
  45  3:30  Gateway, Probe  
  45  3:33  Probe  
  47  3:35  Pylon, Oracle (Chrono Boost)  
  50  3:43  Assimilator  
  50  3:46  Assimilator  
  50  3:47  Probe  
  50  3:48  Probe  
  52  3:52  Pylon  
  52  3:59  Probe  
  52  4:00  Probe  
  54  4:05  Pylon  
  54  4:11  Probe  
  54  4:12  Probe  
  56  4:22  Fleet Beacon  
  56  4:23  Probe  
  57  4:24  Probe  
  57  4:28  Stargate  
  58  4:35  Nexus, Probe  
  59  4:39  Pylon  
  59  4:48  Adept x2  
  65  5:00  Pylon  
  65  5:04  Shield Battery  
  63  5:14  Carrier (Chrono Boost)  
  63  5:15  Carrier (Chrono Boost)  
  75  5:26  Probe x2  
  75  5:33  Forge  
  75  5:35  Twilight Council  
  75  5:38  Probe x2  
  77  5:48  Probe  
  78  5:50  Protoss Air Weapons Level 1, Probe x2  
  78  5:51  Robotics Facility  
  80  5:57  Gateway  
  80  5:59  Gateway  
  80  6:00  Probe  
  80  6:02  Probe  
  82  6:05  Pylon, Probe  
  82  6:08  Protoss Ground Weapons Level 1  
  82  6:10  Charge  
  83  6:12  Void Ray  
  83  6:13  Probe (Chrono Boost)  
  83  6:18  Probe (Chrono Boost)  
  89  6:22  Assimilator  
  89  6:24  Probe (Chrono Boost)  
  89  6:25  Probe (Chrono Boost)  
  91  6:29  Assimilator  
  91  6:30  Probe (Chrono Boost)  
  91  6:32  Pylon, Probe x2 (Chrono Boost)  
  93  6:35  Sentry  
  93  6:38  Probe  
  93  6:39  Sentry  
  99  6:43  Probe  
  100  6:53  Void Ray  
  100  6:55  Void Ray, Gateway  
  100  6:59  Gateway  
  100  7:00  Gateway  
  108  7:01  Gateway  
  108  7:06  Probe x2  
  110  7:09  Observer  
  111  7:28  Immortal (Chrono Boost)  
  111  7:36  Zealot x4  
  123  7:45  Pylon  
  123  7:46  Pylon  
  123  7:48  Pylon  
  123  7:49  Photon Cannon  
  123  7:51  Photon Cannon  
  123  7:53  Photon Cannon  
  123  7:57  Void Ray x2  
  131  8:07  Immortal  
  135  8:13  Templar Archives  
  135  8:15  Pylon  
  135  8:17  Pylon  
  135  8:18  Pylon  
  135  8:20  Zealot x2  
  135  8:21  Zealot x2  
  143  8:34  Void Ray x2  
  140  8:35  Nexus  
  140  8:38  Pylon  
  148  8:46  Zealot x4  
  156  9:00  Warp Prism  
  158  9:03  High Templar x2  
  158  9:04  High Templar x2  
  158  9:08  Archon x2  
  158  9:09  Pylon  
  166  9:10  Zealot x4  
  174  9:18  Gateway  
  174  9:20  Gateway  
  174  9:24  Pylon  
  174  9:26  Pylon  
  174  9:35  High Templar x4  
  174  9:36  Zealot x3  
  186  9:39  Zealot  
  186  9:40  Archon  
  186  9:44  Archon  
  186  9:57  Zealot x2  
  186  9:58  Zealot  
  162  10:16  Zealot x5  
Show
View Real Time Build Order
Export as new Build Order

JonSnow Zerg 

Build Orders: Hatch First 

Get SALT Encoding   

  12  0:01  Drone  
  13  0:12  Overlord  
  13  0:16  Drone  
  14  0:31  Drone x2  
  16  0:47  Drone  
  17  0:53  Hatchery  
  17  0:55  Drone  
  17  0:59  Drone  
  18  1:10  Extractor  
  17  1:15  Spawning Pool  
  17  1:17  Drone  
  17  1:22  Drone  
  18  1:30  Drone  
  19  1:40  Drone  
  20  1:50  Overlord  
  20  2:02  Queen  
  20  2:04  Queen  
  20  2:05  Zergling x2  
  20  2:06  Zergling x2  
  26  2:13  Metabolic Boost  
  26  2:16  Drone  
  26  2:20  Drone  
  28  2:26  Zergling x2  
  29  2:43  Hatchery  
  29  2:44  Drone  
  29  2:50  Zergling x4  
  29  2:51  Drone  
  32  2:54  Drone  
  33  2:58  Overlord  
  33  3:09  Drone x3  
  36  3:16  Queen  
  38  3:25  Drone  
  38  3:26  Drone x3  
  41  3:31  Queen  
  43  3:34  Overlord  
  43  3:40  Drone  
  43  3:42  Drone  
  43  3:46  Overlord x2  
  44  3:55  Queen  
  46  3:56  Overlord  
  46  4:02  Spore Crawler  
  46  4:03  Queen  
  46  4:05  Drone  
  46  4:09  Drone  
  49  4:17  Spore Crawler  
  49  4:20  Drone x3  
  49  4:21  Drone  
  49  4:23  Spore Crawler, Drone  
  52  4:26  Drone  
  52  4:29  Drone  
  52  4:30  Drone x2  
  52  4:31  Drone  
  56  4:33  Drone  
  56  4:37  Drone  
  56  4:38  Drone x2  
  60  4:40  Drone  
  61  4:46  Zergling x6  
  61  4:52  Drone x2  
  66  4:53  Roach Warren  
  66  4:57  Drone  
  66  5:00  Overlord  
  66  5:01  Lair, Drone  
  66  5:06  Zergling x8  
  71  5:16  Drone  
  71  5:17  Drone x2  
  72  5:23  Drone x6  
  74  5:28  Drone  
  74  5:29  Drone  
  74  5:31  Drone  
  74  5:32  Extractor  
  74  5:33  Extractor, Evolution Chamber  
  74  5:34  Extractor  
  74  5:35  Extractor, Drone x2  
  74  5:36  Drone  
  74  5:37  Drone  
  74  5:40  Hatchery  
  74  5:42  Drone x2  
  77  5:46  Extractor  
  76  6:01  Zerg Missile Weapons Level 1, Glial Reconstitution  
  76  6:02  Overlord x3  
  76  6:06  Drone  
  76  6:07  Drone x4  
  81  6:13  Overseer  
  81  6:18  Overlord  
  81  6:20  Drone, Infestation Pit  
  81  6:22  Roach x2  
  85  6:29  Drone x2  
  85  6:32  Spire  
  86  6:34  Queen x3  
  92  6:40  Spore Crawler  
  92  6:45  Spore Crawler  
  90  6:51  Roach x5  
  96  7:01  Roach x6  
  96  7:07  Overlord  
  106  7:09  Queen x2  
  106  7:10  Queen  
  110  7:25  Overlord  
  110  7:26  Overlord x2  
  108  7:38  Drone x2  
  108  7:39  Drone x3  
  113  7:45  Corruptor x2  
  113  7:46  Corruptor x6  
  130  7:51  Drone x2  
  130  7:56  Corruptor x2  
  128  8:14  Hatchery  
  128  8:15  Corruptor x3  
  133  8:20  Roach x5  
  140  8:31  Roach x3  
  145  8:34  Overlord  
  145  8:42  Overlord  
  145  8:43  Overlord x2  
  145  8:51  Ravager x2  
  145  8:54  Queen x2, Overlord  
  145  8:55  Queen  
  151  9:00  Corruptor x3  
  157  9:05  Ravager  
  157  9:06  Ravager  
  159  9:13  Overlord x2  
  159  9:26  Roach x8  
  173  9:32  Corruptor  
  172  9:42  Zergling x22  
  180  10:05  Hydralisk Den  

Tags
 
Add a new tag
Caveats
  • Supply blocks, unpowered buildings, or Contaminate may cause inaccurate times.
  • Supply counts are checked every 10 seconds.